AoeStats
← unsinkable sam

Arena

510611877Analyzed
2v2 RM · 1d ago on Oct 1, 2026· 113m 45s· 4 players
Game mode
Random Map
Map size
Medium (4 player)
Population
200
Speed
Normal
Resources
Standard
Victory
Conquest
Starting age
Dark Age
Ending age
Imperial Age
RankedLock teamsTeams togetherTeam positionsShared explorationLock speedFull tech treeHidden civsTurbo modeCheats
Victory
Defeat
🇺🇸 Bulgarians · United States
963
+17
🇺🇸 Aztecs · United States
909
+20
🇬🇧 Britons · United Kingdom
992
-19
🇬🇧 Magyars · United Kingdom
975
-18
Empress of Festivals
7:57 Loom
10:11 Feudal Age
15:34 Double-Bit Axe
18:02 Castle Age
16:31 Horse Collar
18:02 Fletching
20:50 Crossbowman
22:12 Padded Archer Armor
23:18 Elite Skirmisher
26:42 Wheelbarrow
28:08 Sanctity
28:00 Fervor
28:02 Redemption
30:20 Hand Cart
33:17 Imperial Age
32:41 Bodkin Arrow
33:42 Arbalester
34:25 Bracer
35:36 Block Printing
36:06 Theocracy
35:58 Illumination
36:20 Leather Archer Armor
37:31 Atlatl
37:53 Conscription
39:31 Bow Saw
39:44 Heavy Plow
40:50 Ballistics
46:29 Elite Jaguar Warrior
47:18 Scale Mail Armor
47:28 Forging
47:33 Siege Engineers
59:54 Town Watch
60:58 Chain Mail Armor
61:20 Iron Casting
60:58 Squires
60:45 Arson
60:37 Eagle Warrior
61:53 Town Patrol
62:18 Gold Mining
62:32 Caravan
65:35 Plate Mail Armor
66:05 Blast Furnace
65:28 Garland Wars
68:10 Elite Eagle Warrior
69:56 Sappers
76:47 Pikeman
84:42 Chemistry
86:30 Capped Ram
89:01 Siege Ram
104:15 Fortified Wall
unsinkable sam
4:18 Loom
7:10 Loom
9:45 Feudal Age
11:10 Double-Bit Axe
14:23 Horse Collar
17:56 Castle Age
18:47 Bow Saw
18:42 Heavy Plow
20:47 Wheelbarrow
20:00 Town Watch
22:49 Fletching
23:20 Padded Archer Armor
23:21 Scale Mail Armor
23:31 Forging
23:26 Scale Barding Armor
24:19 Bodkin Arrow
25:24 Leather Archer Armor
25:03 Gold Mining
25:04 Stone Mining
29:21 Hand Cart
29:07 Town Patrol
29:38 Ballistics
33:16 Imperial Age
31:46 Thumb Ring
33:19 Gambesons
33:34 Squires
33:19 Arson
33:51 Chain Mail Armor
34:11 Iron Casting
34:17 Conscription
33:55 Heavy Cavalry Archer
35:01 Parthian Tactics
35:54 Pikeman
36:37 Bracer
38:19 Scale Barding Armor
39:14 Blast Furnace
38:45 Plate Mail Armor
39:40 Chemistry
41:12 Elite Skirmisher
42:15 Chain Barding Armor
42:09 Bloodlines
41:59 Husbandry
41:20 Light Cavalry
42:34 Hussar
43:59 Caravan
44:30 Coinage
44:55 Stirrups
46:31 Plate Barding Armor
46:17 Masonry
46:12 Siege Engineers
46:02 Murder Holes
52:20 Bagains
55:46 Halberdier
62:29 Architecture
71:27 Cavalier
71:31 Onager
72:49 Siege Onager
79:46 Guard Tower
XxHarlan96xX
8:38 Feudal Age
15:51 Castle Age
16:31 Loom
16:50 Double-Bit Axe
16:46 Horse Collar
22:54 Wheelbarrow
22:06 Town Watch
24:21 Pikeman
26:20 Heavy Plow
26:40 Bow Saw
26:50 Gold Mining
26:51 Stone Mining
27:04 Stone Mining
29:21 Fletching
29:32 Padded Archer Armor
29:43 Forging
33:10 Imperial Age
30:45 Bodkin Arrow
31:16 Ballistics
32:40 Leather Archer Armor
33:01 Iron Casting
32:57 Scale Mail Armor
33:13 Caravan
33:41 Yeomen
34:04 Fortified Wall
33:50 Murder Holes
34:58 Chemistry
34:18 Masonry
34:44 Elite Longbowman
36:29 Halberdier
38:24 Bracer
37:54 Heavy Scorpion
39:07 Architecture
38:45 Siege Engineers
39:23 Hand Cart
40:30 Conscription
41:20 Warwolf
42:37 Blast Furnace
41:54 Chain Mail Armor
44:38 Ring Archer Armor
44:43 Plate Mail Armor
49:40 Hoardings
53:39 Scale Barding Armor
60:47 Two-Man Saw
60:05 Squires
59:53 Arson
105:46 Man-at-Arms
106:11 Gambesons
107:04 Long Swordsman
108:19 Two-Handed Swordsman
109:00 Champion
maddierose1011
11:26 Feudal Age
11:58 Double-Bit Axe
14:50 Horse Collar
18:53 Castle Age
17:27 Gold Mining
18:53 Padded Archer Armor
18:44 Fletching
22:00 Wheelbarrow
23:23 Gold Shaft Mining
23:37 Heavy Plow
23:47 Stone Mining
27:05 Loom
28:33 Bow Saw
33:14 Imperial Age
31:21 Hand Cart
31:34 Corvinian Army
31:46 Bodkin Arrow
32:07 Leather Archer Armor
32:59 Thumb Ring
34:15 Scale Barding Armor
34:49 Heavy Cavalry Archer
35:55 Parthian Tactics
35:35 Recurve Bow
36:09 Ring Archer Armor
35:39 Bracer
35:42 Husbandry
35:57 Elite Skirmisher
36:54 Bloodlines
36:05 Light Cavalry
38:27 Ballistics
39:08 Chemistry
39:27 Two-Man Saw
39:01 Chain Barding Armor
38:42 Elite Magyar Huszar
41:11 Hussar
43:34 Onager
55:29 Plate Barding Armor
56:31 Caravan
76:50 Heavy Scorpion
82:34 Pikeman
Connection lost

Rejoining the realm…

Still unreachable

The connection could not be restored.

Session expired

The server has moved on; the page needs a fresh start.